AoeStats
← JAGR | DesNoguns

Arabian Desert

510352484Analyzed
1v1 RM · 1d ago on Sep 30, 2026· 35m 0s· 2 players
Game mode
Random Map
Map size
Tiny (2 player)
Population
200
Speed
Normal
Resources
Standard
Victory
Conquest
Starting age
Dark Age
Ending age
Imperial Age
RankedLock teamsTeams togetherTeam positionsShared explorationLock speedFull tech treeHidden civsTurbo modeCheats
Victory
Defeat
🇲🇽 Aztecs · Mexico
1483
+15
🇨🇴 Byzantines · Colombia
1466
-15
JAGR | DesNoguns
6:02 Loom
9:04 Feudal Age
9:43 Double-Bit Axe
15:25 Fletching
17:46 Padded Archer Armor
23:29 Castle Age
22:27 Scale Barding Armor
23:03 Horse Collar
23:12 Double-Bit Axe
24:08 Bodkin Arrow
33:35 Wheelbarrow
Philippvs II
4:55 Loom
10:15 Feudal Age
11:03 Double-Bit Axe
17:06 Fletching
20:01 Scale Mail Armor
22:53 Forging
29:43 Castle Age
29:46 Pikeman
Connection lost

Rejoining the realm…

Still unreachable

The connection could not be restored.

Session expired

The server has moved on; the page needs a fresh start.